AoeStats
← ost.nostalgia

Black Forest

510366489Analyzed
4v4 RM · 2d ago on Sep 30, 2026· 23m 43s· 8 players
Game mode
Random Map
Map size
Large (8 player)
Population
200
Speed
Normal
Resources
Standard
Victory
Conquest
Starting age
Dark Age
Ending age
Imperial Age
RankedLock teamsTeams togetherTeam positionsShared explorationLock speedFull tech treeHidden civsTurbo modeCheats
Victory
Defeat
🇩🇪 Japanese · Germany
1496
+7
🇧🇪 Spanish · Belgium
1448
+9
🇨🇱 Teutons · Chile
1442
+9
🇻🇳 Burgundians · Vietnam
1397
+10
🇩🇪 Turks · Germany
1296
-9
🇩🇪 Dravidians · Germany
1287
-9
🇩🇪 Franks · Germany
1270
-9
🇺🇸 Romans · United States
1245
-8
Malice
8:07 Loom
12:00 Feudal Age
16:00 Castle Age
14:41 Double-Bit Axe
18:50 Bow Saw
18:52 Horse Collar
ost.nostalgia
0:59 Loom
6:27 Double-Bit Axe
10:37 Feudal Age
15:03 Castle Age
14:29 Stone Mining
15:11 Bow Saw
17:34 Fishing Lines
20:03 Horse Collar
20:44 Heavy Plow
22:04 Gillnets
23:48 Gold Mining
25:13 Two-Man Saw
b4ron1
9:06 Loom
12:06 Feudal Age
12:46 Double-Bit Axe
15:53 Castle Age
14:00 Horse Collar
17:10 Bow Saw
21:17 Wheelbarrow
20:44 Heavy Plow
22:39 Gold Mining
Hennessy
4:12 Loom
9:42 Feudal Age
10:21 Double-Bit Axe
10:48 Man-at-Arms
19:35 Castle Age
18:24 Horse Collar
18:37 Gold Mining
21:29 Bow Saw
22:43 Wheelbarrow
22:09 Town Watch
BuFu1
0:40 Loom
9:56 Feudal Age
19:29 Castle Age
17:58 Double-Bit Axe
17:55 Horse Collar
Sahiro
10:04 Loom
12:39 Feudal Age
16:17 Castle Age
15:11 Double-Bit Axe
15:36 Fishing Lines
17:49 Bow Saw
22:42 Fletching
23:10 Gillnets
23:32 Bodkin Arrow
Ace
0:50 Loom
11:21 Feudal Age
15:16 Castle Age
14:04 Double-Bit Axe
16:22 Wheelbarrow
17:25 Bow Saw
21:24 Forging
21:20 Scale Barding Armor
Agent
11:59 Feudal Age
16:27 Castle Age
22:15 Imperial Age
20:01 Double-Bit Axe
Connection lost

Rejoining the realm…

Still unreachable

The connection could not be restored.

Session expired

The server has moved on; the page needs a fresh start.